 Dungeon Sprint DCSS version 0.20.1-1-g8b1a95d (webtiles) character file.

1927 wojtek the Protected (level 8, -6/80 HPs)
             Began as a Minotaur Fighter on Dec 29, 2017.
             Was a Follower of Makhleb.
             Mangled by a deep troll (14 damage)
             ... in the Dungeon (Sprint I: "Red Sonja").
             The game lasted 00:01:38 (1220 turns).

wojtek the Protected (Minotaur Fighter)             Turns: 1220, Time: 00:01:39

Health: -6/80      AC: 11    Str: 24    XL:     8   Next: 96%
Magic:  7/7        EV:  9    Int:  5    God:    Makhleb [*.....]
Gold:   272        SH: 12    Dex:  9    Spells: 7/7 levels left

rFire    . . .     SeeInvis .   a - +0 flail
rCold    . . .     Gourm    .   c - +0 shield
rNeg     . . .     Faith    .   m - +0 scale mail
rPois    .         Spirit   .   (helmet restricted)
rElec    .         Reflect  .   n - +0 cloak
rCorr    .         Harm     .   (no gloves)
MR       .....     NoTele   +   (no boots)
Stlth    ..........             (no amulet)
Regen    0.3/turn               (no ring)
MPRegen  0.1/turn               (no ring)

@: no status effects
A: retaliatory headbutt, horns 2
a: Renounce Religion


You were in the Dungeon.
You worshipped Makhleb.
Makhleb was aware of your devotion.
You were not hungry.

You visited 1 branch You collected 321 gold pieces.
You spent 49 gold pieces at shops.

Inventory:

Hand Weapons
 a - a +0 flail (weapon)
Armour
 b - a +0 scale mail
 c - a +0 shield (worn)
 m - a +0 scale mail (worn)
 n - a +0 cloak (worn)
Scrolls
 k - 2 scrolls of blinking
 l - a scroll of amnesia {unknown}
 o - a scroll of random uselessness {unknown}
Potions
 d - 2 potions of might
 e - a potion of curing
 g - a potion of heal wounds
 h - a potion of haste
 i - 2 potions of magic
 j - a potion of berserk rage
Comestibles
 f - a bread ration


   Skills:
 + Level 10.4 Fighting
 * Level 13.7 Maces & Flails
 * Level 13.8 Armour
 + Level 10.4 Shields


You had 7 spell levels left.
You didn't know any spells.

Dungeon Overview and Level Annotations

Branches:
Dungeon (1/1)

Altars:
Cheibriados
Dithmenos
Elyvilon
Fedhas
Gozag
Hepliaklqana
Kikubaaqudgha
Makhleb
Nemelex Xobeh
Okawaru
Qazlal
Ru
Sif Muna
Trog
Uskayaw
Vehumet
Xom
Yredelemnul
Zin
The Shining One
Jiyva
Lugonu

Shops:
D [


Innate Abilities, Weirdness & Mutations

You reflexively headbutt those who attack you in melee.
You have a pair of horns on your head.


Message History

The deep troll is heavily wounded.
The deep troll barely misses you. x2; You block the deep troll's attack.
You hit the deep troll but do no damage.
You headbutt the deep troll, but do no damage.
The deep troll is heavily wounded.
You hit the deep troll. Your headbutt misses the deep troll.
The deep troll is heavily wounded.
The deep troll bites you.
* * * LOW HITPOINT WARNING * * *
You block the deep troll's attack. The deep troll claws you!
* * * LOW HITPOINT WARNING * * *
You barely miss the deep troll. Your headbutt misses the deep troll.
The deep troll is heavily wounded.
The deep troll bites you but does no damage.
You block the deep troll's attack.
The deep troll claws you but does no damage.
You sock the deep troll! Your headbutt misses the deep troll.
The deep troll is severely wounded.
The deep troll bites you!
You die...

<.#..)..#.)'..#__#
..'..#..'..#..'..+
..#####'#####'#__####
..####..#...#[####.§#
..#__####..##.#§≈§§§#
..#_____##'#..'§§§.§+
⌠⌠#_.∩...'..)_#≈§§§§#
###_..__##_.#'##§####
#_____###+#.#.@((#
####### ####T### §.§
#####


You could see a deep troll.

Vanquished Creatures
  2 centaur warriors (D)
  A slime creature (D)
  Sigmund (D)
  A yak (D)
  An ogre (D)
  A jelly (D)
  Ijyb (D)
8 creatures vanquished.

Vanquished Creatures (others)
  A gargoyle (D)
1 creature vanquished.

Grand Total: 9 creatures vanquished

Notes
Turn   | Place    | Note
-------+----------+-------------------------------------------
     0 | D        | wojtek the Minotaur Fighter began the quest for the Orb.
     0 | D        | Reached XP level 1. HP: 19/19 MP: 0/0
     1 | D        | Noticed Ijyb
    10 | D        | Killed Ijyb
    10 | D        | Reached skill level 5 in Armour
    10 | D        | Reached XP level 2. HP: 27/28 MP: 1/1
    26 | D        | Noticed an ogre
    30 | D        | Killed an ogre
    30 | D        | Reached skill level 5 in Fighting
    30 | D        | Reached skill level 5 in Shields
    30 | D        | Reached XP level 3. HP: 25/37 MP: 2/2
    30 | D        | Reached XP level 4. HP: 30/44 MP: 3/3
   128 | D        | Noticed Sigmund
   139 | D        | Killed Sigmund
   139 | D        | Reached XP level 5. HP: 10/51 MP: 4/4
   274 | D        | Killed a gargoyle
   388 | D        | Found a burning altar of Makhleb.
   388 | D        | Found a viscous altar of Jiyva.
   388 | D        | Found a shimmering altar of Xom.
   388 | D        | Found a corrupted altar of Lugonu.
   388 | D        | Noticed a slime creature
   398 | D        | Killed a slime creature
   398 | D        | Reached skill level 10 in Maces & Flails
   398 | D        | Reached skill level 10 in Armour
   398 | D        | Reached XP level 6. HP: 4/61 MP: 5/5
   400 | D        | Became a worshipper of Makhleb the Destroyer
   683 | D        | Found a deep blue altar of Sif Muna.
   685 | D        | Found a radiant altar of Vehumet.
   713 | D        | Found Vyabeij's Armour Emporium.
   713 | D        | Found an ancient bone altar of Kikubaaqudgha.
   713 | D        | Found a hazy altar of Hepliaklqana.
   713 | D        | Found a stormy altar of Qazlal.
   713 | D        | Found a hide-covered altar of Uskayaw.
   713 | D        | Found a blossoming altar of Fedhas.
   713 | D        | Found a bloodstained altar of Trog.
   713 | D        | Found an iron altar of Okawaru.
   713 | D        | Found a basalt altar of Yredelemnul.
   713 | D        | Found a glowing golden altar of the Shining One.
   713 | D        | Found a snail-covered altar of Cheibriados.
   713 | D        | Found a sacrificial altar of Ru.
   713 | D        | Found a glowing silver altar of Zin.
   713 | D        | Found a shadowy altar of Dithmenos.
   713 | D        | Found a white marble altar of Elyvilon.
   713 | D        | Noticed a yak
   720 | D        | Killed a yak
   720 | D        | Reached XP level 7. HP: 44/69 MP: 6/6
   721 | D        | Found an opulent altar of Gozag.
   724 | D        | Found a sparkling altar of Nemelex Xobeh.
   728 | D        | Bought a +0 cloak for 49 gold pieces
   847 | D        | Noticed a centaur warrior
   851 | D        | Noticed a centaur warrior
   857 | D        | Killed a centaur warrior
   857 | D        | Reached * piety under Makhleb
   857 | D        | Reached XP level 8. HP: 42/79 MP: 7/7
   867 | D        | Killed a centaur warrior
   867 | D        | Reached skill level 10 in Fighting
   867 | D        | Reached skill level 10 in Shields
  1209 | D        | Noticed a deep troll
  1220 | D        | Mangled by a deep troll

Skill      XL: |  1  2  3  4  5  6  7  8 |
---------------+-------------------------+-----
Fighting       | 4 5 6 7 8 9 10 | 10.4
Maces & Flails | 4 6 9 10 11 12 13 | 13.7
Armour         | 5 7 9 10 11 12 13 | 13.8
Shields        | 4 5 6 7 8 9 10 | 10.4

Action                   |  1- 3 |  4- 6 |  7- 9 || total
-------------------------+-------+-------+-------++-------
Melee: Flail             |    11 |    25 |    27 ||    63
       Headbutt          |     4 |     5 |     6 ||    15
  Eat: Chunk             |       |       |     1 ||     1
Armor: Scale mail        |     4 |     5 |     7 ||    16
Dodge: Dodged            |     2 |     1 |     6 ||     9
Block: Shield            |     4 |     5 |    16 ||    25
